Map: Cosmic Sapphire

Players

A.I. 1 (Very Hard)

  • Race: Zerg Zerg
  • Spawn Location: 5:00

Tino - Winner!

  • Race: Protoss Protoss
  • Spawn Location: 11:00

VOD

Have the link to the VOD?

Description

Time

  • Played on: Feb. 3, 2023, 2:17 a.m.
  • Length: 26:42
Show
View Real Time Build Order
Export as new Build Order

A.I. 1 (Very Hard) Zerg 

Build Orders: Hatch First 

Get SALT Encoding   

  12  0:00  Drone  
  13  0:12  Overlord  
  13  0:16  Drone  
  14  0:30  Drone x2  
  14  0:34  Drone  
  17  0:52  Hatchery  
  17  0:55  Drone  
  17  1:12  Spawning Pool  
  17  1:13  Extractor  
  17  1:14  Drone  
  16  1:19  Drone  
  16  1:23  Drone  
  18  1:28  Drone  
  19  1:38  Overlord  
  19  1:49  Drone  
  20  2:00  Zergling x2  
  21  2:02  Queen  
  21  2:04  Drone  
  24  2:12  Queen  
  26  2:17  Drone  
  27  2:31  Roach Warren  
  27  2:33  Extractor, Drone  
  27  2:36  Drone  
  27  2:43  Overlord  
  27  2:47  Drone  
  27  2:51  Drone  
  29  2:54  Drone  
  29  2:56  Drone  
  31  3:00  Drone  
  31  3:04  Zergling x2  
  33  3:08  Zergling x2  
  33  3:11  Roach  
  36  3:15  Roach  
  36  3:19  Roach  
  40  3:23  Roach  
  40  3:25  Drone  
  43  3:28  Drone  
  43  3:33  Overlord  
  44  3:40  Lair  
  44  3:51  Drone x3  
  44  3:53  Overlord  
  47  3:56  Drone  
  47  3:59  Drone  
  47  4:01  Drone  
  50  4:03  Drone  
  50  4:05  Drone  
  52  4:12  Drone, Zergling x4  
  52  4:14  Zergling x2  
  56  4:17  Overlord  
  56  4:24  Roach  
  56  4:26  Roach  
  56  4:30  Overlord  
  60  4:35  Drone x2  
  62  4:41  Hydralisk Den, Drone  
  62  4:54  Overlord  
  62  4:59  Drone, Evolution Chamber  
  62  5:03  Drone  
  62  5:04  Evolution Chamber  
  62  5:05  Drone  
  64  5:07  Drone  
  64  5:09  Hydralisk, Roach  
  64  5:10  Hydralisk  
  64  5:11  Roach  
  64  5:12  Hydralisk  
  64  5:13  Hydralisk  
  64  5:14  Drone, Lurker Den  
  76  5:16  Overlord  
  76  5:23  Drone x2  
  76  5:25  Drone  
  76  5:26  Drone  
  76  5:27  Zerg Missile Weapons Level 1  
  80  5:31  Hydralisk, Drone  
  80  5:35  Overlord  
  83  5:38  Hydralisk  
  83  5:40  Ravager  
  86  5:44  Extractor  
  86  5:45  Drone, Roach  
  86  5:49  Extractor  
  87  5:50  Drone  
  88  5:58  Overlord, Overseer, Ravager  
  88  6:03  Roach  
  91  6:06  Drone  
  91  6:07  Drone  
  91  6:08  Roach  
  91  6:11  Drone x3  
  97  6:13  Evolution Chamber  
  97  6:17  Overlord  
  97  6:19  Drone  
  98  6:31  Spire  
  98  6:32  Spine Crawler  
  96  6:33  Drone  
  96  6:34  Spine Crawler  
  96  6:36  Drone  
  97  6:48  Metabolic Boost  
  97  6:52  Zergling x8  
  100  6:58  Zerg Melee Weapons Level 1  
  100  6:59  Overlord  
  100  7:00  Roach  
  101  7:01  Zergling x2  
  101  7:02  Roach  
  101  7:08  Zergling x2  
  90  7:11  Roach  
  90  7:13  Spore Crawler  
  91  7:16  Spore Crawler  
  91  7:17  Drone  
  91  7:18  Roach, Ravager  
  91  7:19  Hatchery  
  91  7:20  Drone  
  91  7:21  Ravager  
  95  7:23  Roach  
  97  7:37  Zerg Ground Armor Level 1  
  97  7:41  Spine Crawler  
  96  7:45  Mutalisk x2  
  100  7:55  Mutalisk  
  102  8:04  Mutalisk  
  104  8:13  Mutalisk  
  104  8:14  Queen  
  104  8:19  Spine Crawler  
  107  8:23  Mutalisk, Overlord, Queen  
  111  8:30  Roach x3  
  111  8:32  Drone x3, Roach  
  111  8:33  Drone x5  
  127  8:37  Drone x2  
  127  8:40  Extractor, Drone  
  129  8:41  Overlord, Drone, Roach  
  129  8:43  Extractor  
  131  8:48  Drone  
  131  8:51  Drone  
  131  8:53  Drone  
  134  8:57  Drone  
  134  8:58  Roach  
  134  9:00  Drone, Roach  
  140  9:02  Overlord  
  140  9:03  Drone  
  140  9:08  Drone x2, Roach  
  145  9:20  Mutalisk  
  145  9:21  Overlord, Drone, Roach  
  150  9:24  Drone  
  150  9:25  Drone  
  150  9:30  Zergling x2  
  153  9:36  Zerg Melee Weapons Level 2  
  153  9:39  Mutalisk x2  
  153  9:40  Overlord  
  153  9:41  Spine Crawler  
  153  9:42  Mutalisk  
  153  9:44  Infestation Pit, Drone  
  158  9:58  Overlord, Drone, Spine Crawler  
  158  9:59  Spore Crawler  
  157  10:00  Drone  
  158  10:14  Zerg Missile Weapons Level 2  
  158  10:17  Overlord  
  158  10:19  Infestor  
  160  10:22  Drone, Hatchery  
  160  10:23  Infestor, Hive  
  162  10:32  Overseer  
  162  10:35  Spine Crawler  
  162  10:36  Overlord  
  162  10:38  Pneumatized Carapace  
  161  10:43  Spine Crawler  
  161  10:44  Overseer  
  161  10:45  Spine Crawler  
  161  10:46  Spine Crawler  
  161  10:48  Spore Crawler  
  157  11:08  Roach x2  
  161  11:15  Spore Crawler  
  160  11:21  Spine Crawler  
  160  11:24  Spore Crawler  
  160  11:25  Zerg Ground Armor Level 2  
  158  11:26  Spine Crawler  
  158  11:27  Spore Crawler  
  158  11:28  Drone  
  158  11:30  Spore Crawler  
  158  11:31  Drone  
  158  11:32  Spore Crawler  
  156  11:33  Drone  
  156  11:34  Viper  
  156  11:35  Hydralisk x2, Drone x2, Spore Crawler  
  156  11:36  Hydralisk, Viper, Drone x3  
  156  11:37  Drone x3  
  156  11:38  Drone x4  
  156  11:39  Drone x4, Hydralisk x2  
  184  11:40  Hydralisk x2, Drone  
  184  11:43  Extractor, Hydralisk  
  184  11:46  Drone  
  195  11:48  Hydralisk  
  195  11:52  Hydralisk  
  199  11:55  Zergling x4  
  199  11:57  Zergling x2  
  199  11:58  Zergling x2  
  199  11:59  Zergling x2  
  199  12:00  Zergling x2  
  171  12:02  Zergling x2  
  171  12:04  Roach  
  171  12:05  Roach  
  171  12:07  Roach  
  132  12:09  Roach  
  132  12:10  Roach  
  132  12:12  Roach  
  132  12:13  Roach  
  132  12:15  Roach  
  132  12:16  Zergling x2  
  132  12:18  Roach  
  132  12:19  Roach  
  132  12:21  Roach  
  141  12:22  Roach  
  141  12:24  Roach  
  141  12:26  Roach  
  141  12:27  Roach  
  141  12:29  Roach  
  149  12:30  Zergling x2  
  149  12:31  Zergling x2  
  149  12:32  Zergling x2  
  149  12:33  Zergling x2  
  149  12:35  Zergling x4  
  149  12:36  Hydralisk  
  131  12:38  Hydralisk  
  131  12:41  Hydralisk  
  131  12:43  Hydralisk  
  125  12:45  Drone  
  125  12:46  Drone  
  125  12:47  Drone  
  125  12:49  Drone  
  125  12:50  Drone  
  117  12:52  Drone  
  117  12:53  Drone  
  117  12:54  Drone  
  117  13:05  Drone  
  114  13:06  Drone  
  114  13:07  Zergling x2  
  114  13:09  Zergling x2  
  114  13:10  Drone  
  114  13:11  Drone  
  103  13:13  Drone  
  103  13:14  Drone  
  103  13:16  Roach  
  103  13:18  Roach  
  83  13:20  Roach  
  83  13:21  Roach x2  
  86  13:27  Hydralisk  
  86  13:30  Zergling x2  
  86  13:31  Zergling x2  
  86  13:34  Hydralisk  
  79  13:35  Hydralisk  
  79  13:36  Drone  
  76  13:42  Roach  
  76  13:43  Drone  
  68  13:53  Drone, Roach, Zergling x2  
  68  13:55  Roach  
  65  14:05  Zergling x2  
  65  14:08  Roach  
  62  14:10  Hydralisk x2  
  62  14:11  Roach  
  58  14:22  Zergling x2  
  58  14:23  Roach, Zergling x2  
  58  14:24  Roach  
  50  14:36  Hatchery  
  50  14:37  Hydralisk, Roach x3  
  46  14:54  Overlord  
  26  15:23  Hatchery  
  25  15:30  Overlord  
  5  15:57  Drone  
Show
View Real Time Build Order
Export as new Build Order

Tino Protoss - Winner!

Build Orders: 1 Gate Expand 

Get SALT Encoding   

  12  0:01  Probe  
  13  0:13  Probe  
  14  0:22  Pylon  
  14  0:26  Probe  
  15  0:40  Probe  
  15  0:41  Gateway  
  16  0:54  Probe (Chrono Boost)  
  17  0:58  Assimilator  
  18  1:05  Probe (Chrono Boost)  
  18  1:09  Probe (Chrono Boost)  
  19  1:21  Probe  
  20  1:29  Nexus  
  20  1:50  Cybernetics Core  
  20  2:06  Assimilator  
  21  2:14  Pylon  
  20  2:20  Probe  
  21  2:28  Stalker (Chrono Boost)  
  23  2:32  Probe  
  24  2:37  Warp Gate (Chrono Boost)  
  24  2:44  Probe (Chrono Boost)  
  25  2:50  Probe (Chrono Boost)  
  26  2:54  Probe (Chrono Boost)  
  28  2:58  Probe (Chrono Boost)  
  28  2:59  Probe (Chrono Boost)  
  28  3:02  Stalker  
  31  3:13  Shield Battery  
  31  3:14  Probe x2  
  33  3:24  Gateway  
  33  3:26  Probe x2  
  35  3:27  Gateway  
  35  3:28  Pylon  
  35  3:31  Stalker  
  37  3:42  Probe x2  
  37  3:43  Robotics Facility  
  39  3:54  Probe x2  
  41  4:16  Twilight Council  
  41  4:18  Gateway  
  41  4:20  Gateway  
  41  4:22  Assimilator  
  41  4:24  Assimilator, Gateway  
  41  4:37  Pylon  
  42  4:38  Observer (Chrono Boost)  
  42  4:39  Pylon  
  42  4:42  Stalker x2  
  42  4:45  Stalker  
  48  4:51  Immortal (Chrono Boost)  
  48  4:53  Probe x2  
  54  5:01  Charge (Chrono Boost)  
  54  5:05  Probe x2  
  56  5:23  Zealot x6  
  68  5:53  Pylon  
  68  5:57  Pylon  
  68  6:02  Gateway  
  68  6:04  Gateway  
  68  6:07  Twilight Council  
  68  6:08  Immortal (Chrono Boost)  
  72  6:32  Zealot x5  
  78  6:33  Zealot  
  84  6:40  Warp Prism  
  67  7:13  Zealot  
  67  7:14  Zealot x5  
  77  7:35  Zealot x4  
  85  7:42  Pylon  
  85  7:47  Pylon  
  85  7:51  Pylon  
  85  8:19  Robotics Facility  
  85  8:23  Robotics Bay  
  85  8:26  Zealot x8  
  101  8:27  Pylon  
  101  8:37  Immortal (Chrono Boost)  
  105  8:59  Nexus  
  105  9:02  Pylon  
  105  9:18  Blink (Chrono Boost)  
  105  9:19  Templar Archives  
  105  9:30  Disruptor x2 (Chrono Boost)  
  111  10:00  Disruptor (Chrono Boost)  
  111  10:01  Sentry x2, Disruptor (Chrono Boost)  
  111  10:02  Sentry  
  123  10:33  Probe x3  
  126  10:40  Zealot x6  
  126  10:41  Zealot  
  140  10:45  Probe  
  141  10:50  Pylon  
  141  10:51  Pylon  
  141  10:54  Pylon  
  141  10:55  Pylon  
  141  10:57  Pylon  
  141  11:06  Probe  
  141  11:07  Assimilator  
  141  11:11  Assimilator  
  141  11:12  Observer  
  141  11:13  Observer  
  143  11:30  High Templar x8  
  159  11:34  Colossus  
  159  11:37  Pylon  
  159  11:39  Archon x4, Pylon  
  165  11:43  Pylon  
  117  12:10  Zealot x8  
  121  13:02  Zealot x5  
  121  13:03  Zealot x3  
  125  13:35  Zealot x3  
  125  13:36  Zealot x5  
  111  15:33  Zealot x5  
  111  15:34  Zealot x3  
Tags
 
Add a new tag
Caveats
  • Supply blocks, unpowered buildings, or Contaminate may cause inaccurate times.
  • Supply counts are checked every 10 seconds.